 Dungeon Crawl Stone Soup version 0.20.1-1-g8b1a95d (webtiles) character file.

372 Vojta the Grave Robber (level 6, -11/41 HPs)
             Began as a Mummy Necromancer on July 16, 2017.
             Mangled by Menkaure (21 damage)
             ... on level 3 of the Dungeon.
             The game lasted 00:14:44 (4656 turns).

Vojta the Grave Robber (Mummy Necromancer)          Turns: 4656, Time: 00:14:45

Health: -11/41     AC:  4    Str: 11    XL:     6   Next: 43%
Magic:  4/13       EV: 12    Int: 16    God:
Gold:   88         SH:  4    Dex: 13    Spells: 2/15 levels left

rFire    x . .     SeeInvis .   a - +2 dagger (venom)
rCold    + + .     Gourm    .   h - +0 buckler
rNeg     + + +     Faith    .   g - +0 leather armour
rPois    ∞         Spirit   .   k - +0 helmet
rElec    .         Reflect  .   (no cloak)
rCorr    .         Harm     .   (no gloves)
MR       .....                  (no boots)
Stlth    ++........             (no amulet)
Regen    0.2/turn               n - ring of protection from cold
MPRegen  0.2/turn               (no ring)

@: no status effects
A: no food or potions, fire vulnerability, cold resistance 1, negative energy
resistance 3, torment resistance, unbreathing
a: no special abilities


You were on level 3 of the Dungeon.
You were not hungry.

You visited 1 branch of the dungeon, and saw 4 of its levels.

You collected 88 gold pieces.

Inventory:

Hand Weapons
 a - a +2 dagger of venom (weapon)
 f - a +0 spear
Missiles
 e - 167 stones (quivered)
Armour
 c - a +0 robe
 g - a +0 leather armour (worn)
 h - a +0 buckler (worn)
 k - a +0 helmet (worn)
Jewellery
 n - a ring of protection from cold (left hand)
Scrolls
 d - 2 scrolls of enchant weapon
 i - 3 scrolls of remove curse
 m - a scroll of amnesia
Books
 b - a book of Necromancy

   Spells                             Type                      Level
   a - Pain                           Necromancy                   1
   b - Animate Skeleton               Necromancy                   1
   c - Vampiric Draining              Necromancy                   3
   d - Regeneration                   Charms/Necromancy            3
   e - Animate Dead                   Necromancy                   4
   f - Control Undead                 Necromancy                   4


   Skills:
 + Level 0.2 Fighting
 * Level 1.0 Short Blades
 + Level 0.1 Polearms
 + Level 0.7 Armour
 * Level 2.6 Dodging
 * Level 2.2 Stealth
 * Level 1.2 Shields
 * Level 5.1 Spellcasting
 * Level 5.2 Necromancy


You had 2 spell levels left.
You knew the following spells:

 Your Spells              Type           Power        Failure   Level  Hunger
a - Pain                  Necr           ###.         3%          1    N/A
b - Animate Skeleton      Necr           N/A          3%          1    N/A
c - Vampiric Draining     Necr           ###.......   10%         3    N/A
d - Control Undead        Necr           ###.......   32%         4    N/A
e - Animate Dead          Necr           N/A          32%         4    N/A

Dungeon Overview and Level Annotations

Branches:
Dungeon (4/15)
 Temple: D:4-7

Altars:
Makhleb
Nemelex Xobeh
Yredelemnul

Annotations:
D:2 2 transporters
D:3 Menkaure
D:4 Pikel


Innate Abilities, Weirdness & Mutations

You do not eat or drink.
Your flesh is vulnerable to fire.
You are immune to poison.
Your flesh is cold resistant. (rC+)
You are immune to negative energy. (rN+++)
You are immune to unholy pain and torment.
You can survive without breathing.


Message History

Casting: Control Undead
Confirm with . or Enter, or press ? or * to list all spells.
Aiming: Vampiric Draining
Press: ? - help, Shift-Dir - straight line, f - Menkaure
Aim: Menkaure (moderately damaged, fast)
You can't drain life from that!
Casting: Vampiric Draining
Confirm with . or Enter, or press ? or * to list all spells.
Aiming: Vampiric Draining
Press: ? - help, Shift-Dir - straight line, f/p - Menkaure
Aim: Menkaure (moderately damaged, fast)
You can't drain life from that!
Unknown command.
Casting: Vampiric Draining
Confirm with . or Enter, or press ? or * to list all spells.
Menkaure resists with almost no effort.
Menkaure barely misses you.
Your magical contamination has completely faded away.
Menkaure hits you!!
Ouch! That really hurt!
You die...

.##
##........##..#.#.#
# ##
##.......##.##.#.#
####
##...#..........#
Z..#
##'##.###.##.###
##.# #.##........#
#.# #.######.####
##.## ##...>###.#
#...#####......##.#
#>..)..).......M@.#
#...####.......####
##### #......##
###.#### #.# #.#
#.# #.# #.# ##


You could see Menkaure.

Vanquished Creatures
  A bullfrog (D:2)
  A howler monkey (D:4)
  An orc priest (D:3)
  An iguana (D:4)
  A hound skeleton (D:4)
  Robin (D:2)
  7 adders
  2 oozes
  5 worms
  4 leopard geckos
  7 orcs
  A ball python (D:1)
  7 bats
  8 giant cockroaches
  16 goblins
  9 hobgoblins
  10 jackals
  9 kobolds
  3 quokkas
  3 frilled lizards
  9 rats
106 creatures vanquished.

Vanquished Creatures (collateral kills)
  A leopard gecko (D:1)
  A giant cockroach (D:2)
  A jackal (D:2)
  A rat (D:2)
4 creatures vanquished.

Grand Total: 110 creatures vanquished

Notes
Turn   | Place    | Note
-------+----------+-------------------------------------------
     0 | D:1      | Vojta the Mummy Necromancer began the quest for the Orb.
     0 | D:1      | Reached XP level 1. HP: 13/13 MP: 4/4
   116 | D:1      | Learned a level 1 spell: Animate Skeleton
   244 | D:1      | Reached XP level 2. HP: 11/19 MP: 5/5
   944 | D:1      | Reached XP level 3. HP: 19/24 MP: 5/7
  1474 | D:2      | Learned a level 3 spell: Vampiric Draining
  1861 | D:2      | Reached XP level 4. HP: 27/30 MP: 9/9
  1918 | D:2      | Found a basalt altar of Yredelemnul.
  1920 | D:2      | Found a transporter.
  2000 | D:2      | Noticed Robin
  2065 | D:2      | Reached skill level 5 in Necromancy
  2202 | D:2      | Killed Robin
  2356 | D:2      | Found a sparkling altar of Nemelex Xobeh.
  2383 | D:2      | Learned a level 4 spell: Control Undead
  2439 | D:2      | Noticed a bullfrog
  2448 | D:2      | Killed a bullfrog
  2448 | D:2      | Reached skill level 1 in Shields
  2448 | D:2      | Reached XP level 5. HP: 26/35 MP: 2/11
  3028 | D:2      | Found a transporter.
  3819 | D:3      | Learned a level 4 spell: Animate Dead
  3893 | D:3      | Found a burning altar of Makhleb.
  3893 | D:3      | Noticed a balrug
  4052 | D:4      | Reached XP level 6. HP: 27/41 MP: 1/13
  4152 | D:4      | Reached skill level 1 in Short Blades
  4280 | D:4      | Noticed Menkaure
  4291 | D:3      | Reached skill level 5 in Spellcasting
  4606 | D:4      | Noticed Pikel
  4606 | D:4      | Noticed a slave
  4606 | D:4      | Noticed a slave
  4606 | D:4      | Noticed a slave
  4607 | D:4      | Noticed a slave
  4656 | D:3      | Mangled by Menkaure

Skill      XL: |  1  2  3  4  5  6 |
---------------+-------------------+-----
Spellcasting   | 3 4 5 |  5.1
Dodging        | 2 |  2.6
Necromancy     | 5 |  5.2
Shields        | 1 |  1.2
Stealth        | 2 |  2.2
Short Blades   | 1 |  1.0
Fighting       | |  0.2
Polearms       | |  0.1
Armour         | |  0.7

Action                   |  1- 3 |  4- 6 || total
-------------------------+-------+-------++-------
Melee: Short sword       |    24 |       ||    24
       Spear             |    26 |       ||    26
       Dagger            |    29 |   159 ||   188
Throw: Stone             |       |     4 ||     4
 Cast: Pain              |    38 |    46 ||    84
       Animate Skeleton  |    20 |    22 ||    42
       Vampiric Draining |       |    12 ||    12
       Control Undead    |       |     2 ||     2
  Use: Scroll            |     4 |     4 ||     8
 Stab: Sleeping          |     4 |     2 ||     6
       Distracted        |       |     1 ||     1
Armor: Robe              |    13 |       ||    13
       Leather armour    |     9 |    35 ||    44
Dodge: Dodged            |    57 |    97 ||   154
Block: Buckler           |     1 |    29 ||    30
